 Dungeon Crawl Stone Soup version 0.29.1-2-gbd0b4ee654 (webtiles) character file.

Game seed: 14899296125632323290

749 KittyFluff the Cudgeller (level 7, -2/44 HPs)
             Began as a Gargoyle Berserker on Oct 27, 2022.
             Was a Believer of Trog.
             Slain by an ogre
             ... wielding a +0 giant club
              (23 damage)
             ... on level 4 of the Dungeon.
             The game lasted 00:19:07 (4195 turns).

KittyFluff the Cudgeller (Gargoyle Berserker)       Turns: 4195, Time: 00:19:08

Health: -2/44      AC:  9    Str: 21    XL:     7   Next: 77%
Magic:  7/7        EV: 12    Int:  7    God:    Trog [**....]
Gold:   255        SH:  6    Dex: 11    Spells: 6/6 levels left

rFire   . . .      SeeInvis .   a - +0 mace
rCold   . . .      Faith    .   w - +2 buckler
rNeg    + . .      Spirit   .   p - +0 robe
rPois   ∞          Reflect  .   (no helmet)
rElec   +          Harm     .   (no cloak)
rCorr   .          Rampage  .   v - +0 pair of gloves
Will    .....                   n - +0 pair of boots
Stlth   ++........              (no amulet)
HPRegen 0.14/turn               (no ring)
MPRegen 0.10/turn               (no ring)

@: on berserk cooldown, slowed, very slow
A: sickness immunity, AC +4, negative energy resistance 1, electricity
resistance, torment resistance 1, petrification resistance
a: Renounce Religion, Berserk, Trog's Hand


You were on level 4 of the Dungeon.
You worshipped Trog.
Trog was pleased with you.
You visited 1 branch of the dungeon, and saw 4 of its levels.

You collected 255 gold pieces.

Inventory:

Hand Weapons
 a - a +0 mace (weapon)
 j - a +0 sling
Missiles
 C - 6 poisoned darts (quivered)
Armour
 e - a +0 leather armour
 n - a +0 pair of boots (worn)
 p - a +0 robe (worn)
 v - a +0 pair of gloves (worn)
 w - a +2 buckler (worn)
Magical Staves
 x - a staff of fire
Wands
 q - a wand of flame (11)
 s - a wand of iceblast (5)
 t - a wand of paralysis (8)
 z - a wand of polymorph (2)
Scrolls
 b - a scroll of enchant weapon {unknown}
 d - a scroll of magic mapping {unknown}
 g - a scroll of summoning {unknown}
 h - 4 scrolls of identify {unknown}
 m - 2 scrolls of poison {unknown}
 r - a scroll of teleportation {unknown}
 y - 2 scrolls of vulnerability {unknown}
 D - a scroll of amnesia {unknown}
Potions
 c - a potion of magic {unknown}
 f - 2 potions of lignification {unknown}
 i - 2 potions of attraction {unknown}
 k - 2 potions of heal wounds {unknown}
 l - 2 potions of cancellation {unknown}
 o - a potion of degeneration {unknown}
 u - a potion of brilliance {unknown}
 A - 2 potions of curing
 B - a potion of might {unknown}


   Skills:
 + Level 4.8 Fighting
 + Level 5.6 Maces & Flails
 * Level 4.4 Armour
 + Level 3.4 Dodging
 + Level 1.6 Stealth
 * Level 2.4 Shields


You had 6 spell levels left.
You didn't know any spells.
Your spell library contained the following spells:

 Spells                   Type           Power      Damage    Failure   Level
 Apportation              Tloc           0%         N/A       52%         1
 Alistair's Intoxication  Tmut/Pois      0%         N/A       100%        5


Dungeon Overview and Level Annotations

Branches:
Dungeon (4/15)
 Temple: D:4-7

Altars:
Cheibriados
Gozag
Sif Muna
Trog

Shops:
D:2 :   D:3 *

Annotations:
D:4 1 runed translucent door


Innate Abilities, Weirdness & Mutations

You are immune to sickness and miasma.
Your stone body is resilient. (AC +4)
You are immune to poison.
You resist negative energy. (rN+)
You are resistant to electric shocks. (rElec)
You are resistant to unholy torment.
You are immune to petrification.


Message History

The orc wizard is almost dead.
The orc misses you. You block the orc wizard's attack.
The orc closely misses you.
You barely miss the orc wizard.
The orc wizard is almost dead.
The orc wizard casts a spell at you. The puff of flame hits you.
The orc barely misses you. You block the orc's attack.
You hit the orc wizard.
You kill the orc wizard!
Trog accepts your kill.
Trog appreciates your killing of a magic user.
You sock the orc!
You kill the orc!
Trog accepts your kill. The orc closely misses you.
You completely miss the orc. The orc hits you but does no damage.
You barely miss the orc. The orc hits you with a +0 dagger.
You sock the orc!
You kill the orc!
Trog accepts your kill.
You start resting.
You feel a strong urge to attack something.
You are no longer berserk.
You are exhausted.
You feel yourself slow down.
You start resting.
An ogre comes into view. It is wielding a +0 giant club.
Things that are here:
a +0 dagger; a +0 robe You barely miss the ogre.
The ogre closely misses you.
You hit the ogre.
The ogre is lightly wounded.
The ogre hits you with a +0 giant club!
You sock the ogre!
The ogre is heavily wounded.
You block the ogre's attack.
The ogre hits you with a +0 giant club!!
Ouch! That really hurt!
You die...

#.# #.....## #(#####.#..#.##...
#.###.#....#####.................
...............#######....#....##
#.###.#...o##.............#..#...
#.###<....###..#####.....#......#
#............o.# ##....#..#....
..........####.# ##..#...#.#..
[####.#.#.# #)##### #..#.#...#:.
.# #.#.#.####..@O.###.#..#......
.####.#..........)))...#.........
..........###.#..................
.#####. ..# #.#.#..#......#.(...#
.# .....#.#......####### .# ..
##.#.##.#.....# .#####.#
.....>... ###.# .......#.
###........#p+.# ......... ###.#
.#.#


You could see an ogre.

Vanquished Creatures
  Sigmund (D:3)
  A black bear (D:4)
  2 lemures (D:4)
  A phantom (D:4)
  A scorpion (D:4)
  2 orc priests
  A hound (D:4)
  2 iguanas
  3 orc wizards
  Robin (D:4)
  4 gnolls (D:4)
  4 adders
  A worm (D:2)
  8 orcs
  5 endoplasms
  A giant cockroach (D:1)
  8 hobgoblins
  2 jackals (D:4)
  6 kobolds
  3 quokkas
  6 ball pythons
  5 bats
  4 frilled lizards
  10 goblins
  A jackal zombie (D:4)
  2 rats
85 creatures vanquished.

Vanquished Creatures (others)
  A jackal (D:4)
1 creature vanquished.

Grand Total: 86 creatures vanquished

Notes
Turn   | Place    | Note
-------+----------+-------------------------------------------
     0 | D:1      | KittyFluff the Gargoyle Berserker began the quest for the
                  | Orb.
     0 | D:1      | Reached XP level 1. HP: 14/14 MP: 1/1
   151 | D:1      | Found a faded altar of an unknown god.
   303 | D:1      | Reached XP level 2. HP: 16/19 MP: 2/2
   832 | D:2      | Reached XP level 3. HP: 22/24 MP: 3/3
  1067 | D:2      | Found Rouco's Book Shop.
  1456 | D:3      | Found a snail-covered altar of Cheibriados.
  1815 | D:3      | Found an opulent altar of Gozag.
  1840 | D:3      | Found Gozag's Platinum Reserve.
  1849 | D:3      | Noticed Sigmund
  1855 | D:3      | Killed Sigmund
  1856 | D:3      | Reached skill level 4 in Maces & Flails
  1856 | D:3      | Reached skill level 1 in Stealth
  1856 | D:3      | Reached XP level 4. HP: 29/29 MP: 4/4
  1856 | D:3      | Reached XP level 5. HP: 33/33 MP: 5/5
  1940 | D:3      | Reached XP level 6. HP: 28/39 MP: 6/6
  2301 | D:3      | Reached ** piety under Trog
  2563 | D:3      | Reached skill level 5 in Maces & Flails
  2815 | D:4      | Found a runed translucent door.
  2815 | D:4      | Noticed a human
  2999 | D:4      | Reached skill level 1 in Shields
  3352 | D:4      | Found a shimmering blue altar of Sif Muna.
  3357 | D:4      | Noticed Robin
  3463 | D:4      | Killed Robin
  3464 | D:4      | Reached XP level 7. HP: 19/44 MP: 7/7
  3623 | D:4      | Found a bloodstained altar of Trog.
  4195 | D:4      | Slain by an ogre

Illustrated notes

Levels and vault maps discovered:
D:1:      grunt_arrival_crossed_arrows, layout_loops_ring,
          hellmonk_ecumenical_altar_inner_sanctum
D:2:      layout_loops_cross, serial_shops, nicolae_shop_trees
D:3:      layout_rooms, nicolae_gozag_zags_fifth_avenue, old_standard_altar,
          uniq_sigmund
D:4:      layout_loops_ring, dk_yredelemnul_ordeal,
          mainiacjoe_overflow_concentric_impassable,
          nicolae_sif_muna_condensation, hangedman_decor_peaks_small,
          uniq_pikel, uniq_robin

Skill      XL: |  1  2  3  4  5  6  7 |
---------------+----------------------+-----
Fighting       | 4 |  4.8
Maces & Flails | 4 5 |  5.6
Armour         | 3 4 |  4.4
Dodging        | 2 3 |  3.4
Stealth        | 1 |  1.6
Shields        | 1 2 |  2.4

Action                   |  1- 3 |  4- 6 |  7- 9 || total
-------------------------+-------+-------+-------++-------
Melee: Mace              |    96 |   155 |    73 ||   324
       Punch             |     1 |       |       ||     1
Invok: Berserk           |     2 |     3 |     1 ||     6
 Stab: Sleeping          |     1 |       |       ||     1
Armor: Animal skin       |    26 |       |       ||    26
       Robe              |     9 |    51 |    43 ||   103
       Skin              |       |     4 |       ||     4
Dodge: Dodged            |    70 |    80 |    61 ||   211
Block: Buckler           |       |    31 |    30 ||    61
